 Dungeon Crawl Stone Soup version 0.28.0 (webtiles) character file.

Game seed: 17143488484512687530

1136 Fractals the Firebug (level 8, -3/66 HPs)
             Began as a Hill Orc Fire Elementalist on Feb 15, 2022.
             Was an Initiate of Gozag.
             Slain by a wyvern skeleton (8 damage)
             ... on level 6 of the Dungeon.
             The game lasted 00:15:32 (6627 turns).

Fractals the Firebug (Hill Orc Fire Elementalist)   Turns: 6627, Time: 00:15:33

Health: -3/66      AC:  4    Str: 17    XL:     8   Next: 36%
Magic:  21/23      EV: 12    Int: 15    God:    Gozag
Gold:   623        SH:  0    Dex: 13    Spells: 12/15 levels left

rFire   . . .      SeeInvis .   f - +2 whip (elec)
rCold   . . .      Faith    .   m - orb {light}
rNeg    . . .      Spirit   .   a - +0 robe
rPois   .          Reflect  .   (no helmet)
rElec   .          Harm     .   (no cloak)
rCorr   .          Rampage  .   d - +0 pair of gloves
Will    .....                   v - +0 pair of boots
Stlth   +.........              (no amulet)
HPRegen 0.21/turn               q - +6 ring of strength
MPRegen 0.18/turn               g - ring of magical power

@: mighty, gold aura, glowing
A: no striking features
a: Renounce Religion, Potion Petition, Call Merchant, Bribe Branch


You were on level 6 of the Dungeon.
You worshipped Gozag.
Gozag was pleased with you.
You visited 1 branch of the dungeon, and saw 6 of its levels.

You collected 717 gold pieces.
You spent 64 gold pieces at shops.
You paid 30 gold pieces to Gozag.

Inventory:

Hand Weapons
 f - a +2 whip of electrocution (weapon)
 l - a +1 mace of draining
Missiles
 e - 227 stones
 t - 2 throwing nets
Armour
 a - a +0 robe (worn)
 d - a +0 pair of gloves (worn)
 m - an orb of light (worn)
 v - a +0 pair of boots (worn)
Jewellery
 g - a ring of magical power (right hand)
 q - a +6 ring of strength (left hand)
 u - a ring of resist corrosion
Wands
 r - a wand of polymorph (8)
Scrolls
 b - 4 scrolls of identify
 h - a scroll of enchant armour {unknown}
 j - a scroll of blinking {unknown}
Potions
 c - 3 potions of flight
 i - a potion of might
 k - a potion of attraction {unknown}
 n - 2 potions of curing
 o - a potion of haste {unknown}
 p - a potion of resistance {unknown}
 s - a potion of heal wounds {unknown}


   Skills:
 - Level 4.0 Fighting
 - Level 3.0 Dodging
 - Level 3.5 Stealth
 + Level 4.3 Spellcasting
 - Level 3.0 Conjurations
 + Level 5.9 Fire Magic


You had 12 spell levels left.
You knew the following spells:

 Your Spells              Type           Power      Damage    Failure   Level
a - Foxfire               Conj/Fire      64%        2x1d7     2%          1
b - Scorch                Fire           42%        2d7       2%          2

Your spell library contained the following spells:

 Spells                   Type           Power      Damage    Failure   Level
 Magic Dart               Conj           48%        1d5       4%          1
 Searing Ray              Conj           24%        2d5       8%          2
 Conjure Flame            Conj/Fire      16%        6-21      9%          3
 Inner Flame              Hex/Fire       12%        N/A       16%         3
 Beastly Appendage        Tmut           6%         N/A       17%         1
 Freeze                   Ice            12%        1d4       17%         1
 Ignite Poison            Fire/Tmut/Pois 9%         N/A       24%         3
 Wereblood                Tmut           3%         N/A       26%         2
 Flame Wave               Conj/Fire      16%        2d6       28%         4
 Sticky Flame             Conj/Fire      16%        2d4       28%         4
 Frozen Ramparts          Ice            6%         1d2       45%         3
 Spider Form              Tmut/Pois      3%         N/A       45%         3
 Fulminant Prism          Conj/Hex       3%         3d6       67%         4
 Hailstorm                Conj/Ice       7%         3d4       67%         4


Dungeon Overview and Level Annotations

Branches:
Dungeon (6/15)             Temple (0/1) D:6

Altars:
Dithmenos
Gozag
Kikubaaqudgha
Okawaru
Trog
Xom
Yredelemnul
Zin

Shops:
D:1 *!*   D:6 ?:


Message History

A centaur comes into view.
Found 15 gold pieces.
The centaur shouts!
The centaur wields a +0 shortbow.
The centaur shoots an arrow.
The arrow hits you!
A wyvern skeleton comes into view.
The centaur unwields a +0 shortbow.
The centaur hits you.
The centaur kicks you but does no damage.
You hit the centaur. Lightning courses through the centaur!
The centaur is heavily wounded.
The centaur misses you. The centaur barely misses you.
The centaur closely misses you. The centaur kicks you.
You hit the centaur.
The centaur is heavily wounded.
The centaur hits you. The centaur closely misses you.
You barely miss the centaur.
The centaur is heavily wounded.
The centaur barely misses you.
The centaur kicks you but does no damage.
The centaur hits you.
The centaur kicks you but does no damage.
You whack the centaur! Lightning courses through the centaur!!
You kill the centaur!
The wyvern skeleton barely misses you. The wyvern skeleton bites you.
The wyvern skeleton bites you!
Things that are here:
17 gold pieces; a +0 shortbow; 19 arrows
Casting: Scorch (safe; 2% risk of failure)
Press: ? - help, Q - select action, (/) - cycle Dir - look around, f - activate Flames lash the wyvern skeleton.
The wyvern skeleton is moderately damaged.
The wyvern skeleton's fire resistance burns away.
The wyvern skeleton bites you!
* * * LOW HITPOINT WARNING * * *
You feel very mighty all of a sudden. The wyvern skeleton bites you.
* * * LOW HITPOINT WARNING * * *
The wyvern skeleton bites you!
You die...
Your body crumbles into a pile of gold.

######## ###......### #
### #........##. .# #...
##.......$##...# #._..
.....$.Z..##...# ....#
.......@.......#######..
.....####.#####......###
... #.# #......##. .
..#####.#####......##.
............#......##.
#######.###.#.........
##.###..#........ $
........#........
..........##.####


You could see a wyvern skeleton (combustible).

Vanquished Creatures
  Grinder (D:6)
  2 necrophages (D:4)
  An ice beast (D:5)
  A black bear (D:5)
  A centaur (D:6)
  A phantom (D:3)
  A scorpion (D:4)
  An electric eel (D:6)
  A hound (D:5)
  A gnoll shaman (D:6)
  An orc priest (D:4)
  An iguana (D:3)
  A scorpion zombie (D:5)
  A hound skeleton (D:4)
  5 gnolls (D:6)
  4 adders
  A white imp (D:5)
  2 worms
  A dart slug (D:1)
  13 orcs
  4 bats
  8 endoplasms
  2 giant cockroaches (D:3)
  4 goblins
  8 hobgoblins
  4 quokkas
  6 ball pythons
  3 frilled lizards
  6 kobolds
  4 rats
90 creatures vanquished.

Vanquished Creatures (others)
  64 foxfires
64 creatures vanquished.

Grand Total: 154 creatures vanquished

Notes
Turn   | Place    | Note
-------+----------+-------------------------------------------
     0 | D:1      | Fractals the Hill Orc Fire Elementalist began the quest for
                  | the Orb.
     0 | D:1      | Reached XP level 1. HP: 14/14 MP: 3/3
   125 | D:1      | Reached skill level 1 in Fighting
   259 | D:1      | Reached XP level 2. HP: 23/23 MP: 2/4
   540 | D:1      | Found Ibakhlen's General Store.
   841 | D:1      | Found Noass's Assorted Antiques.
  1177 | D:1      | Found Facisk's Distillery.
  1184 | D:1      | Reached XP level 3. HP: 29/29 MP: 5/5
  1191 | D:1      | Bought a potion of curing for 36 gold pieces
  2396 | D:3      | Found an opulent altar of Gozag.
  2411 | D:3      | Became a worshipper of Gozag Ym Sagoz the Greedy
  2441 | D:3      | Learned a level 2 spell: Scorch
  2495 | D:3      | Noticed a phantom
  2508 | D:3      | Killed a phantom
  2509 | D:3      | Reached XP level 4. HP: 26/36 MP: 0/8
  2509 | D:3      | Reached XP level 5. HP: 30/41 MP: 0/9
  2747 | D:3      | HP: 2/41 [iguana (12)]
  3656 | D:3      | Found a basalt altar of Yredelemnul.
  3717 | D:4      | Found an iron altar of Okawaru.
  4036 | D:4      | Reached XP level 6. HP: 51/51 MP: 8/10
  4435 | D:4      | Noticed a necrophage
  4441 | D:4      | Noticed a necrophage
  4450 | D:4      | Killed a necrophage
  4457 | D:4      | Killed a necrophage
  4458 | D:4      | Reached skill level 4 in Fire Magic
  4458 | D:4      | Reached XP level 7. HP: 23/57 MP: 4/11
  4668 | D:4      | Found a glowing silver altar of Zin.
  4927 | D:5      | Entered Level 5 of the Dungeon
  4927 | D:5      | Found a shadowy altar of Dithmenos.
  5505 | D:5      | Found a bloodstained altar of Trog.
  5979 | D:6      | Found Unudoih's Book Emporium.
  6059 | D:6      | Found a staircase to the Ecumenical Temple.
  6431 | D:6      | Found Ydarusiv's Magic Scroll Boutique.
  6437 | D:6      | Reached skill level 5 in Fire Magic
  6437 | D:6      | Reached XP level 8. HP: 57/66 MP: 13/13
  6437 | D:6      | Noticed Grinder
  6467 | D:6      | Killed Grinder
  6556 | D:6      | Found a shimmering altar of Xom.
  6575 | D:6      | Found an ancient bone altar of Kikubaaqudgha.
  6602 | D:6      | Bought a scroll of identify for 28 gold pieces
  6627 | D:6      | Slain by a wyvern skeleton

Illustrated notes

Levels and vault maps discovered:
D:1:      lightli_arrival_farm, layout_loops_corners, serial_shops,
          nicolae_shop_stone, nicolae_shop_trees, shop
D:2:      layout_loops_ring
D:3:      layout_loops_corners, mainiacjoe_overflow_alcove_4,
          mainiacjoe_overflow_paths
D:4:      layout_loops_ring, okawaru_gym_becter, mainiacjoe_overflow_24_doors
D:5:      layout_loops_cross, trog_hazing_becter,
          mainiacjoe_overflow_cross_hatched, chequers_serial_rivers_micro_c
D:6:      cheibrodos_helix_gallery, layout_basic,
          mainiacjoe_overflow_six_doors_small, tgw_kikubaaqudgha,
          minmay_temple_entry_junction_2, serial_shops, nicolae_shop_waterfront,
          nicolae_shop_behind_doors, shop, nicolae_lakefront_shop,
          lemuel_another_geyser, uniq_grinder

Skill      XL: |  1  2  3  4  5  6  7  8 |
---------------+-------------------------+-----
Fighting       | 1 2 3 4 |  4.0
Stealth        | 2 3 |  3.5
Spellcasting   | 3 4 |  4.3
Conjurations   | 2 3 |  3.0
Dodging        | 2 3 |  3.0
Fire Magic     | 4 5 |  5.9

Action                   |  1- 3 |  4- 6 |  7- 9 || total
-------------------------+-------+-------+-------++-------
Melee: Unarmed           |     3 |       |       ||     3
       Short sword       |    54 |    24 |       ||    78
       Club              |    26 |       |       ||    26
       Mace              |       |    42 |    15 ||    57
       Punch             |       |     1 |       ||     1
       Whip              |       |       |    44 ||    44
Throw: Stone             |       |       |     1 ||     1
 Cast: Foxfire           |    18 |    10 |    11 ||    39
       Scorch            |     2 |    20 |    21 ||    43
  Use: Scroll            |     1 |     1 |     2 ||     4
       Potion            |       |     1 |     1 ||     2
 Stab: Sleeping          |     7 |     1 |       ||     8
       Distracted        |       |     1 |       ||     1
Armor: Robe              |    21 |    13 |    22 ||    56
Dodge: Dodged            |    71 |    47 |    45 ||   163
